 Dungeon Crawl Stone Soup version 0.29.1-12-g30fa7ad0bf (webtiles) character file.

Game seed: 2126296201526584606

56 DildoBatman the Conjurer (level 4, 0/32 HPs)
             Began as a Formicid Conjurer on Dec 14, 2022.
             Slain by a ball python (2 damage)
             ... on level 2 of the Dungeon.
             The game lasted 00:02:42 (1335 turns).

DildoBatman the Conjurer (Formicid Conjurer)        Turns: 1335, Time: 00:02:42

Health: 0/32       AC:  3    Str: 12    XL:     4   Next: 15%
Magic:  8/8        EV:  9    Int: 19    God:
Gold:   21         SH:  5    Dex: 12    Spells: 5/8 levels left

rFire   . . .      SeeInvis +   a - +0 sling
rCold   . . .      Faith    .   (no shield)
rNeg    . . .      Spirit   .   m - +0 robe
rPois   .          Reflect  +   (helmet unavailable)
rElec   .          Harm     .   (no cloak)
rCorr   .          Rampage  .   e - +0 pair of gloves
Will    .....                   (no boots)
Stlth   ++........              l - amulet of reflection
HPRegen 0.10/turn               (no ring)
MPRegen 0.11/turn               (no ring)

@: constricted
A: permanent stasis, dig shafts and tunnels, antennae 3, four strong arms
a: Dig, Shaft Self


You were on level 2 of the Dungeon.
You visited 1 branch of the dungeon, and saw 2 of its levels.

You collected 21 gold pieces.

Inventory:

Hand Weapons
 a - a +0 sling (weapon)
 b - a +0 rapier
Missiles
 f - 6 javelins
 h - 14 stones
Armour
 e - a +0 pair of gloves (worn)
 m - a +0 robe (worn)
Jewellery
 l - an amulet of reflection (around neck)
Scrolls
 d - a scroll of summoning {unknown}
 i - a scroll of torment {unknown}
 n - a scroll of noise {unknown}
Potions
 c - a potion of haste {unknown}
 g - 2 potions of curing {unknown}
 j - a potion of ambrosia {unknown}
 k - a potion of magic


   Skills:
 * Level 1.5 Fighting
 * Level 1.6 Armour
 - Level 2.0 Dodging
 - Level 2.4 Stealth
 * Level 2.7 Spellcasting
 * Level 3.9 Conjurations


You had 5 spell levels left.
You knew the following spells:

 Your Spells              Type           Power      Damage    Failure   Level
a - Searing Ray           Conj           34%        2d5       4%          2
c - Magic Dart            Conj           68%        1d6       3%          1

Your spell library contained the following spells:

 Spells                   Type           Power      Damage    Failure   Level
 Dazzling Flash           Conj/Hex       20%        N/A       21%         3
 Fulminant Prism          Conj/Hex       5%         3d7       56%         4
 Iskenderun's Mystic Bla  Conj/Tloc      10%        2d4       56%         4


Dungeon Overview and Level Annotations

Branches:
Dungeon (2/15)

Altars:


Innate Abilities, Weirdness & Mutations

You cannot be hasted, slowed, berserked, paralysed or teleported.
You can dig through walls and to a lower floor.
You have a pair of large antennae on your head. (SInv)
Your four strong arms can wield two-handed weapons with a shield.


Message History

You shout for attention!
The ball python closely misses you. The ball python constricts you.
You block the rat's attack. The goblin hits you with a +0 club.
The ball python closely misses you. The ball python constricts you.
What are your orders? t - Shout!
Orders for allies: a - Attack new target. r - Retreat! s - Stop attacking. g - Guard the area. f - Follow me.
Anything else - Cancel.
You shout for attention!
The rat barely misses you. The goblin closely misses you.
The ball python closely misses you. The ball python constricts you.
What are your orders? t - Shout!
Orders for allies: a - Attack new target. r - Retreat! s - Stop attacking. g - Guard the area. f - Follow me.
Anything else - Cancel.
You shout for attention!
The rat closely misses you. The goblin barely misses you.
The ball python barely misses you. The ball python constricts you.
What are your orders? t - Shout!
Orders for allies: a - Attack new target. r - Retreat! s - Stop attacking. g - Guard the area. f - Follow me.
Anything else - Cancel.
You shout for attention!
The rat bites you but does no damage. The goblin closely misses you.
The ball python bites you.
You die...

#.#....##.....
##.#....#######
###.........#
#...........#
##.#.........#
#...###...####
###...###...###
#.......#.....##
#.<@S..........##
#.gr....#........
#.......?......##.
#.#....##.....##
#.####.###.#### #.
#.# .# # #.# .#
..# .. { .. ..


You could see a goblin, a ball python and a rat.

Vanquished Creatures
  2 adders (D:2)
  2 dart slugs (D:2)
  2 ball pythons
  5 endoplasms
  7 goblins (D:1)
  A hobgoblin (D:2)
  5 bats (D:1)
  2 frilled lizards
  4 kobolds
30 creatures vanquished.

Notes
Turn   | Place    | Note
-------+----------+-------------------------------------------
     0 | D:1      | DildoBatman the Formicid Conjurer began the quest for the
                  | Orb.
     0 | D:1      | Reached XP level 1. HP: 13/13 MP: 3/3
   198 | D:1      | Reached XP level 2. HP: 9/20 MP: 0/5
   201 | D:1      | Learned a level 2 spell: Searing Ray
   584 | D:1      | Reached skill level 1 in Fighting
   758 | D:1      | Reached skill level 1 in Armour
   758 | D:1      | Reached XP level 3. HP: 26/26 MP: 3/6
  1307 | D:2      | Reached XP level 4. HP: 31/32 MP: 6/8
  1335 | D:2      | Slain by a ball python

Illustrated notes

Levels and vault maps discovered:
D:1:      scummos_arrival_simple_fountains, layout_loops_corners, st_stairs_6,
          patterned_corridor
D:2:      layout_loops_cross

Skill      XL: |  1  2 |
---------------+-------+-----
Dodging        | 2 |  2.0
Fighting       | 1 |  1.5
Armour         | 1 |  1.6
Stealth        | |  2.4
Spellcasting   | |  2.7
Conjurations   | |  3.9

Action                   |  1- 3 |  4- 6 || total
-------------------------+-------+-------++-------
Melee: Club              |     8 |       ||     8
       Unarmed           |     1 |       ||     1
       Rapier            |     2 |       ||     2
 Fire: Sling             |    13 |       ||    13
 Cast: Magic Dart        |    56 |       ||    56
       Searing Ray       |     1 |       ||     1
 Stab: Sleeping          |     2 |       ||     2
Armor: Robe              |     7 |     9 ||    16
Dodge: Dodged            |    14 |    30 ||    44
Block: Other             |       |    14 ||    14
